 Dungeon Sprint DCSS version 0.27-a0-249-g74f53ef629 (webtiles) character file.

Game seed: 16337979715624469370

73484 mhtbhm the Executioner (level 15, -14/166 HPs)
             Began as a Minotaur Fighter on Feb 4, 2021.
             Was the Champion of Trog.
             Killed from afar by a storm dragon (45 damage)
             ... with a bolt of lightning
             ... summoned by the Serpent of Hell
             ... in the Dungeon (Sprint VII: "The Pits").
             The game lasted 00:14:22 (6638 turns).

mhtbhm the Executioner (Minotaur Fighter)           Turns: 6638, Time: 00:14:22

Health: -14/166    AC: 33    Str: 35    XL:     15   Next: 4%
Magic:  12/12      EV: 16    Int:  5    God:    Trog [******]
Gold:   59         SH: 28    Dex: 14    Spells: 14/14 levels left

rFire    + . .     SeeInvis .   A - +6 war axe of Generosity {venom, Str+6}
rCold    + . .     Faith    .   c - +1 tower shield
rNeg     . . .     Spirit   .   b - +2 gold dragon scales
rPois    +         Reflect  .   (helmet restricted)
rElec    .         Harm     .   D - +1 cloak of Starlight {*Dazzle EV+4 Stlth--}
rCorr    .         Rampage  .   E - +1 pair of gloves
Will     +++..     NoTele   +   q - +1 pair of boots
Stlth    ..........             z - amulet of the acrobat
HPRegen  1.37/turn              n - +3 ring of strength
MPRegen  0.13/turn              o - +3 ring of dexterity

@: mighty, berserk cooldown, regenerating
A: retaliatory headbutt, horns 2, low mp 1
a: Renounce Religion, Berserk, Trog's Hand, Brothers in Arms


You were in the Dungeon.
You worshipped Trog.
Trog was exalted by your worship.
You visited 1 branch You collected 59 gold pieces.

Inventory:

Hand Weapons
 a - a +5 war axe of flaming
 s - the +4 demon blade of Trog's Grace {flame, *Contam rElec Will- Int+8}
   (Trog gifted it to you in the Dungeon)

   It has been specially enchanted to burn those struck by it, causing extra
   injury to most foes and up to half again as much damage against particularly
   susceptible opponents.
   Big, fiery blades are also staple armaments of hydra-hunters.
   It affects your intelligence (+8).
   It insulates you from electricity.
   It affects your willpower, your defense against some magical effects.
   It causes magical contamination when unequipped.
 v - a +5 executioner's axe
 A - the +6 war axe of Generosity (weapon) {venom, Str+6}
   (You took it off a death knight in the Dungeon)

   It poisons the flesh of those it strikes.
   It affects your strength (+6).
 C - a +3 broad axe of flaming
Armour
 b - +2 gold dragon scales (worn)
 c - a +1 tower shield (worn)
 q - a +1 pair of boots (worn)
 D - the +1 cloak of Starlight (worn) {*Dazzle EV+4 Stlth--}
   (You found it in the Dungeon)

   It affects your evasion (+4).
   It makes you much less stealthy.
 E - a +1 pair of gloves (worn)
Jewellery
 n - a +3 ring of strength (left hand)
 o - a +3 ring of dexterity (right hand)
 x - an uncursed ring of ice
 z - an amulet of the acrobat (around neck)
Scrolls
 l - 4 scrolls of remove curse
 m - a scroll of summoning
 t - 6 scrolls of enchant weapon
 u - a scroll of fear
 w - 3 scrolls of enchant armour
Potions
 e - 11 potions of curing
 f - 5 potions of heal wounds
 g - 3 potions of haste
 h - 4 potions of magic
 i - 4 potions of berserk rage
 k - a potion of invisibility
 B - a potion of mutation
Miscellaneous
 r - a phial of floods
 y - a box of beasts


   Skills:
 + Level 23.8 Fighting
 + Level 25.0 Axes
 + Level 19.5 Armour
 + Level 8.5 Dodging
 - Level 11.0 Stealth
 + Level 23.1 Shields
 + Level 2.0 Evocations


You had 14 spell levels left.
You didn't know any spells.
Your spell library was empty.

Dungeon Overview and Level Annotations

Branches:
Dungeon (1/1)

Altars:
Cheibriados
Dithmenos
Elyvilon
Fedhas
Gozag
Hepliaklqana
Makhleb
Nemelex Xobeh
Okawaru
Qazlal
Ru
Sif Muna
Trog
Vehumet
Wu Jian
Xom
Yredelemnul
Zin
The Shining One
Beogh
Jiyva
Lugonu

Annotations:
D Serpent of Hell


Innate Abilities, Weirdness & Mutations

You reflexively headbutt those who attack you in melee.
You have a pair of horns on your head.
Your magical capacity is low. (-10% MP)


Message History

The storm dragon breathes lightning at you.
The bolt of lightning hits you!!
* * * LOW HITPOINT WARNING * * *
The golden dragon is engulfed in blazing flames.
The golden dragon bites you.
* * * LOW HITPOINT WARNING * * *
You block the golden dragon's attack.
The golden dragon tramples you but does no damage.
Unknown command.
You feel much better.
You are engulfed in blazing flames.
You resist.
* * * LOW HITPOINT WARNING * * *
The Serpent of Hell closely misses you.
The Serpent of Hell completely misses you.
You block the Serpent of Hell's attack.
The Serpent of Hell completely misses you.
The Serpent of Hell tramples you but does no damage.
The storm dragon is engulfed in blazing flames.
The storm dragon breathes lightning at you.
The bolt of lightning hits you!!!
You die...

#)# #.# #)#
#)# #'# # #+#
#.#
##.###.###°#
+D..'°°.##°##
#+.##'.##@°°#
# #)##DDDD°#
## ####(##
#'# #.# #'#
#.# #'# #.#


You could see the Serpent of Hell (blind, catching breath), a golden dragon
(summoned, very poisoned, catching breath) and 2 storm dragons.

Vanquished Creatures
  A Killer Klown (D)
  Frederick (D)
  An electric golem (D)
  2 Hell Sentinels (D)
  2 Brimstone Fiends (D)
  A quicksilver dragon (D)
  2 tentacled monstrosities (D)
  A deep elf blademaster (D)
  A death cob (D)
  A fire giant (D)
  A nagaraja (D)
  An orc warlord (D)
  A cacodemon (D)
  A stone giant (D)
  A vampire knight (D)
  A white draconian (D)
  A purple draconian (D)
  A blizzard demon (D)
  A fire dragon (D)
  A death ooze (D)
  A vault guard (D)
  A boulder beetle (D)
  A rakshasa (D)
  A merfolk avatar (D)
  2 naga warriors (D)
  2 hydras (D)
  An anaconda (D)
  3 death knights (D)
  A vampire mage (D)
  2 orc high priests (D)
  3 deep elf knights (D)
  A deep troll (D)
  6 orc knights (D)
  3 harpies (D)
  A deep elf zephyrmancer (D)
  2 phantasmal warriors (D)
  A necromancer (D)
  A cyclops (D)
  A salamander (D)
  A merfolk siren (D)
  A manticore (D)
  3 elephants (D)
  A rust devil (D)
  An orange demon (D)
  A naga mage (D)
  A molten gargoyle (D)
  2 eyes of devastation (D)
  2 cane toads (D)
  A smoke demon (D)
  A rime drake (D)
  A yaktaur (D)
  A wandering mushroom (D)
  2 guardian mummies (D)
  2 jumping spiders (D)
  A troll (D)
  A polar bear (D)
  5 blink frogs (D)
  A snapping turtle (D)
  A redback (D)
  A water elemental (D)
  4 air elementals (D)
  4 yaks (D)
  2 wyverns (D)
  A fire elemental (D)
  A tarantella (D)
  A chaos spawn (D)
  2 soldier ants (D)
  An eye of draining (D)
  A sky beast (D)
  2 orc warriors (D)
  2 swamp drakes (D)
  A wolf (D)
  3 phantoms (D)
  A bullfrog (D)
  2 gnoll sergeants (D)
  A scorpion (D)
  A quasit (D)
  An orc priest (D)
  An iron imp (D)
  An iguana (D)
  2 worker ants (D)
  2 mummies (D)
  12 gnolls (D)
  A river rat (D)
  A white imp (D)
  An ufetubus (D)
  An adder zombie (D)
  An adder skeleton (D)
  A leopard gecko (D)
  4 orcs (D)
  A ball python (D)
  A bat skeleton (D)
  A bat zombie (D)
  6 jackals (D)
  3 bats (D)
  3 frilled lizards (D)
  2 rats (D)
164 creatures vanquished.

Vanquished Creatures (collateral kills)
  A deep elf blademaster (D)
  An orc warlord (D)
  A black draconian (D)
  3 naga warriors (D)
  A yaktaur captain (D)
  A spriggan berserker (D)
  2 deep elf knights (D)
  A salamander mystic (D)
  3 orc knights (D)
  An elephant (D)
  A cane toad (D)
  A polar bear (D)
  A tyrant leech (D)
  A naga (D)
19 creatures vanquished.

Vanquished Creatures (others)
  A salamander (D)
  A chaos spawn (D)
2 creatures vanquished.

Grand Total: 185 creatures vanquished

Notes
Turn   | Place    | Note
-------+----------+-------------------------------------------
     0 | D        | mhtbhm the Minotaur Fighter began the quest for the Orb.
     0 | D        | Reached XP level 1. HP: 19/19 MP: 0/0
    17 | D        | Found a bloodstained altar of Trog.
    17 | D        | Found a shimmering blue altar of Sif Muna.
    17 | D        | Found a viscous altar of Jiyva.
    17 | D        | Found a hazy altar of Hepliaklqana.
    17 | D        | Found an opulent altar of Gozag.
    18 | D        | Found a glowing golden altar of the Shining One.
    18 | D        | Found a glowing silver altar of Zin.
    18 | D        | Found a basalt altar of Yredelemnul.
    18 | D        | Found a shimmering altar of Xom.
    18 | D        | Found an ornate altar of the Wu Jian Council.
    18 | D        | Found a sacrificial altar of Ru.
    18 | D        | Found a stormy altar of Qazlal.
    18 | D        | Found an iron altar of Okawaru.
    18 | D        | Found a sparkling altar of Nemelex Xobeh.
    18 | D        | Found a burning altar of Makhleb.
    18 | D        | Found a blossoming altar of Fedhas.
    18 | D        | Found a white marble altar of Elyvilon.
    18 | D        | Found a shadowy altar of Dithmenos.
    18 | D        | Found a snail-covered altar of Cheibriados.
    20 | D        | Found a radiant altar of Vehumet.
    20 | D        | Found a corrupted altar of Lugonu.
    20 | D        | Found a roughly hewn altar of Beogh.
    22 | D        | Became a worshipper of Trog the Wrathful
    71 | D        | Reached * piety under Trog
    72 | D        | Reached skill level 3 in Axes
    72 | D        | Reached XP level 2. HP: 24/28 MP: 1/1
    76 | D        | Reached ** piety under Trog
    77 | D        | Reached skill level 5 in Shields
   117 | D        | Reached skill level 5 in Fighting
   118 | D        | Reached *** piety under Trog
   119 | D        | Reached skill level 4 in Axes
   119 | D        | Reached skill level 5 in Armour
   119 | D        | Reached XP level 3. HP: 29/36 MP: 2/2
   204 | D        | Noticed a phantom
   205 | D        | Noticed a phantom
   205 | D        | Noticed a phantom
   212 | D        | Killed a phantom
   213 | D        | Reached skill level 5 in Axes
   213 | D        | Reached XP level 4. HP: 45/45 MP: 3/3
   214 | D        | Killed a phantom
   215 | D        | Reached skill level 6 in Axes
   215 | D        | Reached skill level 1 in Dodging
   215 | D        | Reached skill level 1 in Stealth
   215 | D        | Reached XP level 5. HP: 52/52 MP: 4/4
   215 | D        | Killed a phantom
   216 | D        | Reached skill level 7 in Axes
   218 | D        | Reached **** piety under Trog
   219 | D        | Reached XP level 6. HP: 61/61 MP: 5/5
   342 | D        | Noticed a smoke demon
   347 | D        | Killed a smoke demon
   348 | D        | Reached skill level 9 in Axes
   348 | D        | Reached skill level 10 in Shields
   348 | D        | Reached XP level 7. HP: 70/70 MP: 6/6
   405 | D        | Reached ***** piety under Trog
   521 | D        | Noticed a tarantella
   527 | D        | Killed a tarantella
   528 | D        | Reached skill level 10 in Axes
   530 | D        | Reached skill level 10 in Fighting
   660 | D        | Noticed a deep troll
   660 | D        | Noticed a polar bear
   667 | D        | Killed a deep troll
   667 | D        | Received a gift from Trog
   668 | D        | Reached skill level 12 in Axes
   668 | D        | Reached skill level 10 in Armour
   668 | D        | Reached XP level 8. HP: 81/81 MP: 7/7
   669 | D        | Killed a polar bear
   800 | D        | Noticed a boulder beetle
   800 | D        | Noticed an air elemental
   806 | D        | Killed an air elemental
   826 | D        | Killed a boulder beetle
   827 | D        | Reached skill level 13 in Axes
   827 | D        | Reached XP level 9. HP: 69/89 MP: 8/8
   916 | D        | Noticed a rust devil
   917 | D        | Received a gift from Trog
   932 | D        | Killed a rust devil
   933 | D        | Reached skill level 14 in Axes
   933 | D        | Reached skill level 5 in Dodging
  1095 | D        | Noticed an eight-headed hydra
  1105 | D        | Killed an 11-headed hydra
  1106 | D        | Reached skill level 15 in Axes
  1119 | D        | Noticed a jumping spider
  1124 | D        | Killed a jumping spider
  1287 | D        | Noticed a merfolk avatar
  1302 | D        | Received a gift from Trog
  1303 | D        | Reached XP level 10. HP: 99/99 MP: 9/9
  1303 | D        | Killed a merfolk avatar
  1304 | D        | Reached skill level 16 in Axes
  1427 | D        | Reached ****** piety under Trog
  1427 | D        | Received a gift from Trog
  1482 | D        | Received a gift from Trog
  1485 | D        | Reached skill level 17 in Axes
  1541 | D        | Received a gift from Trog
  1541 | D        | Noticed an orc high priest
  1544 | D        | Killed an orc high priest
  1550 | D        | Noticed a manticore
  1558 | D        | Killed a manticore
  1559 | D        | Reached skill level 18 in Axes
  1575 | D        | Noticed an elephant
  1575 | D        | Noticed a four-headed hydra
  1575 | D        | Noticed a molten gargoyle
  1576 | D        | Noticed an elephant
  1581 | D        | Killed a seven-headed hydra
  1582 | D        | Reached XP level 11. HP: 110/110 MP: 10/10
  1597 | D        | Noticed a salamander mystic
  1599 | D        | Received a gift from Trog
  1600 | D        | Reached skill level 19 in Axes
  1600 | D        | Reached skill level 15 in Shields
  1616 | D        | Killed a salamander mystic
  1616 | D        | Received a gift from Trog
  2091 | D        | Noticed a naga warrior
  2098 | D        | Reached skill level 15 in Fighting
  2111 | D        | Killed a naga warrior
  2111 | D        | Received a gift from Trog
  2112 | D        | Reached skill level 20 in Axes
  2369 | D        | Noticed a phantasmal warrior
  2381 | D        | Killed a phantasmal warrior
  2385 | D        | Received a gift from Trog
  2404 | D        | Noticed a deep elf knight
  2414 | D        | Killed a deep elf knight
  2851 | D        | Noticed a nagaraja
  2851 | D        | Noticed a deep elf blademaster
  2851 | D        | Noticed a death knight
  2858 | D        | Received a gift from Trog
  2862 | D        | Killed a nagaraja
  2863 | D        | Reached XP level 12. HP: 47/122 MP: 11/11
  2866 | D        | Killed a deep elf blademaster
  2867 | D        | Reached skill level 21 in Axes
  2867 | D        | Killed a death knight
  2868 | D        | Reached skill level 15 in Armour
  2868 | D        | HP: 1/186 [fire elemental (12)]
  2869 | D        | Received a gift from Trog
  3442 | D        | Noticed a Brimstone Fiend
  3451 | D        | Killed a Brimstone Fiend
  3657 | D        | Noticed Frederick
  3668 | D        | Killed Frederick
  3669 | D        | Reached skill level 22 in Axes
  3840 | D        | Noticed a Hell Sentinel
  3849 | D        | Killed a Hell Sentinel
  4073 | D        | Noticed a blizzard demon
  4080 | D        | Killed a blizzard demon
  4081 | D        | Reached XP level 13. HP: 136/136 MP: 12/12
  4174 | D        | Noticed a quicksilver dragon
  4179 | D        | Killed a quicksilver dragon
  4366 | D        | Received a gift from Trog
  4379 | D        | Noticed a vampire knight
  4380 | D        | Received a gift from Trog
  4391 | D        | Identified the +6 war axe of Generosity {venom, Str+6}
  4397 | D        | Received a gift from Trog
  4398 | D        | Reached skill level 23 in Axes
  4399 | D        | Noticed a death cob
  4402 | D        | Killed a death cob
  4414 | D        | Killed a vampire knight
  4417 | D        | Received a gift from Trog
  4449 | D        | Noticed a white draconian
  4471 | D        | Killed a white draconian
  4829 | D        | Noticed an orc warlord
  4830 | D        | Noticed an orc warlord
  4836 | D        | Received a gift from Trog
  4841 | D        | Noticed a black draconian
  4842 | D        | Reached skill level 5 in Stealth
  4843 | D        | Noticed a deep elf blademaster
  4844 | D        | Killed an orc warlord
  4848 | D        | Received a gift from Trog
  4850 | D        | Killed an orc warlord
  4854 | D        | Received a gift from Trog
  4855 | D        | Reached XP level 14. HP: 61/151 MP: 13/13
  4857 | D        | Killed a deep elf blademaster
  4870 | D        | Reached skill level 24 in Axes
  4871 | D        | Received a gift from Trog
  4873 | D        | Reached skill level 1 in Evocations
  4882 | D        | Received a gift from Trog
  5312 | D        | Found the +1 cloak of Starlight {*Dazzle EV+4 Stlth--}
  5324 | D        | Got the +4 plate armour "Daghogra" {rPois Dex+3}
  5548 | D        | Noticed an electric golem
  5555 | D        | Killed an electric golem
  5819 | D        | Noticed a fire giant
  5819 | D        | Noticed a Brimstone Fiend
  5819 | D        | Noticed a stone giant
  5838 | D        | Killed a stone giant
  5843 | D        | Killed a fire giant
  5844 | D        | Reached skill level 10 in Stealth
  5847 | D        | Killed a Brimstone Fiend
  5847 | D        | Received a gift from Trog
  6120 | D        | Noticed a tentacled monstrosity
  6125 | D        | Killed a tentacled monstrosity
  6132 | D        | Noticed a Hell Sentinel
  6141 | D        | Killed a Hell Sentinel
  6206 | D        | Noticed a tentacled monstrosity
  6212 | D        | Killed a tentacled monstrosity
  6215 | D        | Noticed a Killer Klown
  6235 | D        | Killed a Killer Klown
  6236 | D        | Reached skill level 25 in Axes
  6354 | D        | Noticed a cacodemon
  6359 | D        | Killed a cacodemon
  6359 | D        | Received a gift from Trog
  6360 | D        | Reached XP level 15. HP: 166/166 MP: 14/14
  6432 | D        | Got an ivory demon blade {god gift}
  6433 | D        | Identified the +4 demon blade of Trog's Grace {flame,
                  | *Contam rElec Will- Int+8} (Trog gifted it to you in the
                  | Dungeon)
  6435 | D        | Gained mutation: Your magical capacity is low. (-10% MP)
                  | [mutagenic glow]
  6604 | D        | Noticed the Serpent of Hell
  6605 | D        | Noticed a storm dragon
  6607 | D        | Noticed a storm dragon
  6613 | D        | Noticed a quicksilver dragon
  6623 | D        | Noticed an iron dragon
  6634 | D        | Noticed a golden dragon
  6637 | D        | HP: 4/166 [golden dragon[the Serpent of Hell] (6)]
  6638 | D        | Killed from afar by a storm dragon

Illustrated notes

Levels and vault maps discovered:
D:        pitsprint [storerooms_1, entrance_room_1, metal_vault_3, armoury_1,
          mini_pit_1, grid_room_1, main_hall_1, silver_pit, the_coven_2,
          the_vestibule_1, steel_vault_2, golden_pit, hallway_of_sentries,
          crystal_vault_4, iron_vault_2, final_vault]

Skill      XL: |  1  2  3  4  5  6  7  8  9 10 11 12 13 14 |
---------------+-------------------------------------------+-----
Fighting       | 4 5 6 7 8 9 10 11 12 14 16 18 21 23 | 23.8
Shields        | 4 5 7 8 10 11 12 13 14 16 18 20 23 | 23.1
Axes           | 3 4 5 6 7 9 12 13 15 18 20 22 23 25 | 25.0
Armour         | 4 5 6 7 9 10 11 13 14 16 18 19 | 19.5
Dodging        | 1 2 3 4 5 6 7 8 |  8.5
Stealth        | 1 2 3 6 11 | 11.0
Evocations     | 2 |  2.0

Action                   |  1- 3 |  4- 6 |  7- 9 | 10-12 | 13-15 || total
-------------------------+-------+-------+-------+-------+-------++-------
Melee: Hand axe          |    24 |    13 |    27 |       |       ||    64
       War axe           |     3 |       |       |    44 |   192 ||   239
       Headbutt          |     4 |     1 |    23 |    59 |    69 ||   156
       Broad axe         |       |       |    57 |   115 |       ||   172
Invok: Berserk           |     1 |     1 |     5 |     9 |     8 ||    24
       Brothers in Arms  |       |       |       |     1 |     7 ||     8
       Trog's Hand       |       |       |       |       |     2 ||     2
Evoke: Box of beasts     |       |       |       |       |     2 ||     2
  Use: Scroll            |       |       |       |     1 |     4 ||     5
       Potion            |       |       |       |       |    18 ||    18
 Stab: Invisible         |       |       |       |       |    14 ||    14
       Confused          |       |       |       |       |     1 ||     1
Armor: Scale mail        |     9 |       |       |       |       ||     9
       Chain mail        |     3 |     3 |    37 |    48 |    20 ||   111
       Gold dragon scale |       |       |       |       |    77 ||    77
Dodge: Dodged            |    10 |     5 |    29 |    44 |   109 ||   197
Block: Kite shield       |    12 |     8 |    41 |   103 |    59 ||   223
       Tower shield      |       |       |       |       |   147 ||   147

Table legend: (Time is in decaauts)
 A = Elapsed time spent in this place.
 B = Non-inter-level travel time spent in this place.
 C = Inter-level travel time spent in this place.
 D = Time resting spent in this place.
 E = Time spent auto-exploring this place.
 F = Levels seen in this place.
 G = Mean time per level.
                   A        B        C        D        E       F      G
               +--------+--------+--------+--------+--------+-----+--------+
         Total |   6740 |   6708 |     32 |   4520 |     54 |   1 | 6740.0 |
       Dungeon |   6740 |   6708 |     32 |   4520 |     54 |   1 | 6740.0 |
               +--------+--------+--------+--------+--------+-----+--------+

Top non-repeatable levels by time:
       D: 6740 daAuts
